 Dungeon Crawl Stone Soup version 0.30-a0-1008-g30c9307041 (webtiles) character file.

Game seed: 15197743120894261172

141978 Pooter the Executioner (level 16, -4/149 HPs)
             Began as a Minotaur Berserker on Apr 5, 2023.
             Was an Elder of Trog.
             Slain by a +3 halberd of venom (8 damage)
             ... on level 1 of the Elven Halls.
             The game lasted 02:27:30 (34100 turns).

Pooter the Executioner (Minotaur Berserker)        Turns: 34100, Time: 02:27:30

Health: -4/149     AC: 25    Str: 30    XL:     16   Next: 79%
Magic:  15/15      EV: 13    Int:  6    God:    Trog [****..]
Gold:   858        SH:  5    Dex: 12    Spells: 15/15 levels left

rFire   + + .      SeeInvis +    a - +6 battleaxe (heavy)
rCold   + + .      Faith    .    (shield currently unavailable)
rNeg    . . .      Spirit   .    l - +8 chain mail {Will+}
rPois   .          Reflect  +    (helmet restricted)
rElec   .          Rampage  +    r - +0 cloak
rCorr   .                        y - +2 pair of gloves "Jameos" {Rampage rF++ rC+ Stlth-}
Will    ++...                    K - +0 pair of boots Stlth
                                 g - amulet of reflection
HPRegen 0.44/turn                I - ring of protection from cold
MPRegen 0.14/turn                j - ring of Xuni {Str+4 SInv}

@: studying Dodging
A: horns 2, retaliatory headbutt
a: Renounce Religion, Berserk, Trog's Hand, Brothers in Arms


You were on level 1 of the Elven Halls.
You worshipped Trog.
Trog was greatly pleased with you.
You visited 4 branches of the dungeon, and saw 23 of its levels.
You also visited: Bailey, Gauntlet and Ice Cave.

You collected 3742 gold pieces.
You spent 2884 gold pieces at shops.

Inventory:

Hand Weapons
 a - a +6 heavy battleaxe (weapon)
   (Trog gifted it to you on level 1 of the Orcish Mines)
 b - a +6 arbalest of flaming
   (You took it off an orc warrior on level 6 of the Dungeon)
 k - the +8 war axe "Tumiywk" {freeze, Stlth+}
   (You found it on level 3 of the Lair of Beasts)

   Stlth:     It makes you more stealthy.
 L - a +0 executioner's axe of protection
   (You acquired it in a bailey)
 W - a +4 antimagic battleaxe
   (Trog gifted it to you on level 13 of the Dungeon)
Missiles
 e - 14 boomerangs (quivered)
 o - 8 silver javelins
 S - 2 boomerangs of dispersal {!f}
 V - 2 silver boomerangs
 Y - a curare-tipped dart
Armour
 l - a +8 chain mail of willpower (worn)
   (You took it off Terence on level 2 of the Dungeon)
 r - a +0 cloak (worn)
   (You took it off Crazy Yiuf on level 2 of the Dungeon)
 y - the +2 pair of gloves "Jameos" (worn) {Rampage rF++ rC+ Stlth-}
   (You found it on level 3 of the Dungeon)

   rF:        It greatly protects you from fire.
   rC:        It protects you from cold.
   Rampage:   It bestows one free step when moving towards enemies.
   Stlth:     It makes you less stealthy.
 D - a +1 plate armour of poison resistance
   (You found it on level 5 of the Lair of Beasts)
 K - a +0 pair of boots (worn)
   (You found it in a bailey)
 X - the +15 Maxwell's patent armour {-Cast -Tele rElec Will+ rCorr}
   (You found it on level 10 of the Dungeon)

   rElec:     It insulates you from electricity.
   -Cast:     It prevents spellcasting.
   -Tele:     It prevents most forms of teleportation.
   rCorr:     It protects you from acid and corrosion.
   Will:      It increases your willpower.
Jewellery
 g - an amulet of reflection (around neck)
   (You found it on level 1 of the Dungeon)
 j - the ring of Xuni (right hand) {Str+4 SInv}
   (You acquired it in a bailey)

   [ring of see invisible]

   Str:       It affects your strength (+4).
   SInv:      It lets you see invisible.
 n - the amulet "Hudeis" {Spirit rCorr Int+2}
   (You found it in a Gauntlet)

   [amulet of guardian spirit]

   It causes incoming damage to be divided between your reserves of health and
   magic.
   Int:       It affects your intelligence (+2).
   rCorr:     It protects you from acid and corrosion.
 A - a ring of flight
   (You found it on level 3 of the Lair of Beasts)
 C - a ring of resist corrosion
   (You found it on level 6 of the Dungeon)
 E - an amulet of the acrobat
   (You found it on level 6 of the Dungeon)
 I - a ring of protection from cold (left hand)
   (You found it in a Gauntlet)
 Z - a +6 ring of intelligence
   (You bought it in a shop on level 1 of the Orcish Mines)
Wands
 d - a wand of light (9)
   (You found it on level 7 of the Dungeon)
 f - a wand of flame (54)
   (You took it off Crazy Yiuf on level 2 of the Dungeon)
 s - a wand of mindburst (7)
   (You found it on level 4 of the Lair of Beasts)
 u - a wand of paralysis (6)
   (You found it on level 15 of the Dungeon)
 G - a wand of polymorph (3)
   (You bought it in a shop on level 1 of the Orcish Mines)
Scrolls
 c - 4 scrolls of fog
 i - a scroll of poison {!r}
 m - a scroll of silence
 p - 2 scrolls of magic mapping
 t - 9 scrolls of teleportation {@r4}
 w - 3 scrolls of fear
 H - 2 scrolls of butterflies
 J - 4 scrolls of immolation {!r}
 U - 5 scrolls of blinking
Potions
 h - 12 potions of curing {@q1}
 q - 3 potions of mutation {!q}
 v - 7 potions of flight
 x - a potion of haste {@q3}
 B - 4 potions of invisibility
 F - 2 potions of lignification {!q}
 N - 2 potions of cancellation
 O - a potion of resistance
 P - 3 potions of might
 R - 2 potions of attraction {!q}
 T - 6 potions of heal wounds {@q2}
Miscellaneous
 z - a phantom mirror
   (You found it on level 5 of the Lair of Beasts)
 Q - a tin of tremorstones (2/2)
   (You bought it in a shop on level 1 of the Orcish Mines)


   Skills:
 + Level 15.1 Fighting
 - Level 21.0 Axes
 * Level 17.4 Ranged Weapons
 + Level 1.1 Throwing
 * Level 8.2 Armour
 + Level 10.8 Dodging
 + Level 1.0 Stealth
 - Level 9.1 Evocations


You had 15 spell levels left.
You didn't know any spells.
Your spell library was empty.

Dungeon Overview and Level Annotations

Branches:
Dungeon (15/15)            Temple (0/1) D:6            Lair (5/5) D:10
  Swamp (0/4) Lair:3        Snake (0/4) Lair:3        Slime (0/5) Lair:5
    Orc (2/2) D:11            Elf (1/3) Orc:2        Vaults (0/5) D:14
 Depths (0/4) D:15         Bailey (visited)           IceCv (visited)
Gauntlet (visited)

Altars:
Cheibriados
Gozag
Hepliaklqana
Uskayaw
Xom
Yredelemnul
Jiyva
Lugonu

Shops:
D:10 :?(   Orc:1 *([   Orc:2 *([*

Portals:
Abyss: Lair:5


Innate Abilities, Weirdness & Mutations

You have a pair of horns on your head.
You reflexively headbutt those who attack you in melee.


Message History

Your +6 arbalest of flaming stops flaming.
a - a +6 heavy battleaxe (weapon)
You feel very sick.
You slash the +3 halberd of venom!
Your headbutt misses the +3 halberd of venom.
You slice the deep elf archer!!
You feel extremely sick.
The +3 halberd of venom barely misses you.
You furiously retaliate!
You headbutt the +3 halberd of venom!
The deep elf archer hits you but does no damage.
The +3 halberd of venom hits you!
* * * LOW HITPOINT WARNING * * *
You barely miss the +3 halberd of venom.
Your headbutt misses the +3 halberd of venom.
You barely miss the deep elf archer.
You feel very sick.
The +3 halberd of venom hits you but does no damage.
The deep elf archer gestures wildly while chanting.
The deep elf archer blinks!
Unknown command.
You closely miss the +3 halberd of venom.
Your headbutt misses the +3 halberd of venom.
You feel very sick. The +3 halberd of venom hits you.
* * * LOW HITPOINT WARNING * * *
You are more poisoned.
The deep elf archer unwields a +0 short sword.
The deep elf archer wields a +0 shortbow.
The deep elf archer shoots an arrow.
The arrow hits you.
* * * LOW HITPOINT WARNING * * *
The +3 halberd of venom misses you.
Unknown command.
You closely miss the +3 halberd of venom.
You feel very sick. The +3 halberd of venom hits you!
* * * LOW HITPOINT WARNING * * *
You are more poisoned.
You barely miss the +3 halberd of venom.
Your headbutt misses the +3 halberd of venom.
* * * LOW HITPOINT WARNING * * *
You feel extremely sick.
The +3 halberd of venom hits you but does no damage.
The deep elf archer casts a spell.
The deep elf archer blinks!
You feel better.
The +3 halberd of venom hits you but does no damage.
The deep elf archer shoots an arrow.
The arrow hits you!
* * * LOW HITPOINT WARNING * * *
The +3 halberd of venom hits you!
You die...

.#.. .#.. ..#.
###########..#
.............+
.........ยง..(#..
......(@.....#..
########'##..#.
.......).#
....)...<#
.........#
+#####...# ..
#.e.# . #>..#
#...#


You could see a deep elf archer (repels missiles) and a +3 halberd of venom.

Vanquished Creatures
  An iron giant (shapeshifter) (Lair:5)
  Rupert (Orc:1)
  Kirke (Lair:5)
  An orc warlord (Orc:1)
  A minotaur (Gauntlet)
  An entropy weaver (Gauntlet)
  Snorg (D:13)
  2 fire dragons
  8 vault guards
  Erolcha (Orc:1)
  9 hydras
  An ice dragon (D:15)
  An ogre mage (D:15)
  14 two-headed ogres
  8 centaur warriors
  A dancing weapon (Elf:1)
  A death yak (shapeshifter) (Lair:5)
  2 tengu warriors (D:15)
  5 orc high priests
  A boulder beetle (Lair:5)
  A death yak (IceCv)
  3 thrashing horrors (Lair:5)
  4 skeletal warriors
  A lindwurm (Lair:5)
  A deep elf pyromancer (D:14)
  6 orc knights
  An oklob plant (D:10)
  4 cyclopes
  5 orc sorcerers
  20 ugly things
  A worldbinder (Gauntlet)
  A salamander (Lair:3)
  6 manticores
  3 elephants (Lair:4)
  2 centaur zombies (D:10)
  A smoke demon (Lair:5)
  8 cane toads
  15 rime drakes
  8 komodo dragons
  2 unseen horrors (D:13)
  A kobold demonologist (D:12)
  A tengu conjurer (D:15)
  A freezing wraith (D:14)
  4 ancient zymes (Lair:5)
  2 efreet (D:14)
  5 hornets
  6 trolls
  7 polar bears
  19 blink frogs
  A raiju (Gauntlet)
  8 slime creatures
  An air elemental (Elf:1)
  13 dream sheep
  A jumping spider (Gauntlet)
  2 centaur simulacra (D:14)
  9 small abominations (Lair:5)
  A spriggan (Lair:5)
  A water elemental (D:14)
  3 shadows
  A culicivora (shapeshifter) (D:14)
  67 yaks
  2 ynoxinuls (Lair:5)
  8 wyverns
  A large abomination (Lair:5)
  10 basilisks
  3 hogs (Lair:5)
  A human (Lair:5)
  A redback (Gauntlet)
  8 vampire mosquitoes
  11 steam dragons
  A redback (shapeshifter) (D:14)
  A redback simulacrum (D:14)
  3 wargs
  7 water moccasins
  2 ice beasts (D:14)
  5 black bears
  34 orc warriors
  A sky beast (D:7)
  7 ogres
  6 boggarts
  21 wolves
  3 phantoms
  19 centaurs
  7 kobold brigands
  12 bullfrogs
  3 gnoll sergeants
  A scorpion (shapeshifter) (Lair:5)
  4 scorpions
  7 wights
  16 killer bees
  7 electric eels (Bailey)
  3 lava snakes (Lair:3)
  4 crimson imps (D:12)
  4 hounds
  21 orc priests
  Crazy Yiuf (D:2)
  7 jellies
  A gnoll bouda (D:8)
  2 iguanas (D:5)
  Terence (D:2)
  25 orc wizards
  9 adders
  22 gnolls
  A shadow imp (D:6)
  5 white imps
  2 worms
  3 dart slugs
  86 orcs
  4 endoplasms
  3 giant cockroaches
  16 goblins
  11 hobgoblins
  5 jackals
  38 kobolds
  3 quokkas
  A ball python (D:1)
  A bat (D:2)
  2 frilled lizards
  3 rats
  9 bushes
813 creatures vanquished.

Vanquished Creatures (others)
  A skeletal warrior (D:14)
  2 humans (Lair:5)
  An orc priest (Orc:2)
  An orc wizard (Orc:2)
  A bush (Lair:5)
  A butterfly (Lair:5)
  9 demonic plants (Gauntlet)
  40 fungi
  59 plants
115 creatures vanquished.

Grand Total: 928 creatures vanquished

Notes
Turn   | Place    | Note
-------+----------+-------------------------------------------
     0 | D:1      | Pooter the Minotaur Berserker began the quest for the Orb.
     0 | D:1      | Reached XP level 1. HP: 19/19 MP: 0/0
   204 | D:1      | Reached skill level 4 in Axes
   227 | D:1      | Reached XP level 2. HP: 27/27 MP: 1/1
   654 | D:2      | HP: 1/40 [worm (8)]
   863 | D:2      | Reached XP level 3. HP: 33/33 MP: 2/2
   997 | D:2      | Found a runed translucent door.
   998 | D:2      | Noticed Crazy Yiuf
  1214 | D:2      | Noticed Terence
  1222 | D:2      | Killed Terence
  1223 | D:2      | Reached skill level 5 in Axes
  1276 | D:2      | Reached XP level 4. HP: 41/41 MP: 3/3
  1554 | D:2      | Found a faded altar of an unknown god.
  1638 | D:2      | Reached ** piety under Trog
  2225 | D:2      | Killed Crazy Yiuf
  2320 | D:3      | Reached skill level 6 in Axes
  2320 | D:3      | Reached XP level 5. HP: 47/47 MP: 4/4
  2322 | D:3      | Reached skill level 5 in Fighting
  2489 | D:3      | Identified the +2 pair of gloves "Jameos" {Rampage rF++ rC+
                  | Stlth-}
  3004 | D:4      | Reached skill level 7 in Axes
  3004 | D:4      | Reached XP level 6. HP: 55/56 MP: 5/5
  3095 | D:4      | Reached skill level 8 in Axes
  3222 | D:4      | Reached XP level 7. HP: 43/63 MP: 6/6
  3437 | D:4      | Found a snail-covered altar of Cheibriados.
  3481 | D:5      | Entered Level 5 of the Dungeon
  3499 | D:5      | Reached *** piety under Trog
  3520 | D:5      | Reached skill level 9 in Axes
  3558 | D:5      | Reached XP level 8. HP: 68/73 MP: 7/7
  3592 | D:5      | Reached skill level 10 in Axes
  4107 | D:5      | Reached skill level 1 in Ranged Weapons
  4352 | D:5      | Reached skill level 11 in Axes
  4601 | D:6      | Reached XP level 9. HP: 77/82 MP: 8/8
  4702 | D:6      | Reached **** piety under Trog
  5022 | D:6      | Found a staircase to the Ecumenical Temple.
  5053 | D:6      | Reached skill level 12 in Axes
  5304 | D:6      | Reached skill level 5 in Ranged Weapons
  5313 | D:6      | Found a shimmering altar of Xom.
  5777 | D:7      | Noticed a two-headed ogre
  5786 | D:7      | Killed a two-headed ogre
  5925 | D:7      | Reached skill level 13 in Axes
  6029 | D:7      | Reached XP level 10. HP: 92/92 MP: 9/9
  6452 | D:7      | Found an opulent altar of Gozag.
  6760 | D:8      | You fall into a shaft and drop 3 floors!
  6799 | D:11     | Found a frozen archway.
  6803 | D:11     | Reached skill level 1 in Evocations
  6886 | IceCv    | Entered an ice cave
  6893 | IceCv    | Reached skill level 10 in Fighting
  6962 | IceCv    | Reached skill level 14 in Axes
  7042 | IceCv    | Noticed an ice statue
  7134 | IceCv    | Noticed a death yak
  7134 | IceCv    | Noticed a white ugly thing
  7137 | IceCv    | Noticed a death yak
  7140 | IceCv    | Killed a death yak
  7144 | IceCv    | Killed a white ugly thing
  7188 | D:11     | Reached XP level 11. HP: 45/101 MP: 10/10
  7365 | D:11     | Noticed a two-headed ogre
  7370 | D:11     | Killed a two-headed ogre
  7590 | D:11     | Found a staircase to the Orcish Mines.
  7628 | D:10     | Entered Level 10 of the Dungeon
  7643 | D:10     | Noticed an oklob plant
  7651 | D:10     | Killed an oklob plant
  7714 | D:10     | Found a staircase to the Lair.
  7734 | D:10     | Noticed a red ugly thing
  7741 | D:10     | Killed a red ugly thing
  7787 | D:10     | Noticed a centaur warrior
  7805 | D:10     | Killed a centaur warrior
  7878 | D:10     | Found a flagged portal.
  7896 | D:10     | Found Vuklotur's Book Boutique.
  7905 | D:10     | Found Impoil's Magic Scroll Emporium.
  7914 | D:10     | Found Imoab's Antique Weapon Boutique.
  7920 | D:10     | Bought a scroll of brand weapon for 133 gold pieces
  7920 | D:10     | Bought a scroll of identify for 28 gold pieces
  7949 | Bailey   | Entered a bailey
  8889 | Bailey   | Reached skill level 10 in Ranged Weapons
  8919 | Bailey   | Reached skill level 15 in Axes
  8955 | Bailey   | Noticed an orc high priest
  8961 | Bailey   | Noticed a sixfirhy
  8966 | Bailey   | Noticed a sun demon
  8968 | Bailey   | Noticed a sun demon
  8968 | Bailey   | Killed an orc high priest
  9152 | Bailey   | Acquired the ring of Xuni {Str+4 SInv}
  9171 | Bailey   | Found an iron altar of Okawaru.
  9171 | Bailey   | Noticed an orc high priest
  9176 | Bailey   | Noticed a sun demon
  9179 | Bailey   | Killed an orc high priest
  9207 | Bailey   | Acquired a +0 executioner's axe of freezing
  9583 | D:10     | Noticed a two-headed ogre
  9587 | D:10     | Killed a two-headed ogre
 10051 | D:8      | Noticed a two-headed ogre
 10166 | D:8      | Noticed a two-headed ogre
 10171 | D:8      | Killed a two-headed ogre
 10172 | D:8      | Reached XP level 12. HP: 110/110 MP: 11/11
 10180 | D:8      | Killed a two-headed ogre
 10309 | D:8      | Reached skill level 5 in Evocations
 10524 | D:8      | Reached skill level 16 in Axes
 10528 | D:8      | Noticed a centaur warrior
 10542 | D:8      | Killed a centaur warrior
 10810 | D:8      | Noticed a two-headed ogre
 10818 | D:8      | Killed a two-headed ogre
 11054 | D:8      | Reached ***** piety under Trog
 11990 | D:9      | Received a gift from Trog
 12296 | D:10     | Found a basalt altar of Yredelemnul.
 12422 | D:10     | Found the +15 Maxwell's patent armour {-Cast -Tele rElec
                  | Will+ rCorr}
 12633 | Lair:1   | Entered Level 1 of the Lair of Beasts
 12906 | Lair:1   | Upgraded the game from 0.30-a0-996-ga6910c8ee8 to
                  | 0.30-a0-1008-g30c9307041
 13471 | Lair:2   | Reached skill level 17 in Axes
 13544 | Lair:2   | Noticed a four-headed hydra
 13563 | Lair:2   | Killed a one-headed hydra
 13649 | Lair:2   | Noticed a four-headed hydra
 13655 | Lair:2   | Killed a two-headed hydra
 13867 | Lair:2   | Reached XP level 13. HP: 119/119 MP: 12/12
 14675 | Lair:3   | Found a gate leading to a gauntlet.
 14731 | Gauntlet | Entered a Gauntlet
 14731 | Gauntlet | Found a transporter.
 14742 | Gauntlet | Found a transporter.
 14756 | Gauntlet | Found a transporter.
 14774 | Gauntlet | Found a transporter.
 14775 | Gauntlet | Found a transporter.
 14777 | Gauntlet | Found a large runed translucent door.
 14777 | Gauntlet | Found a large runed translucent door.
 14778 | Gauntlet | Found a large runed translucent door.
 14778 | Gauntlet | Found a large runed translucent door.
 14780 | Gauntlet | Found a transporter.
 14782 | Gauntlet | Found a large runed translucent door.
 14782 | Gauntlet | Found a large runed translucent door.
 14782 | Gauntlet | Found a runed translucent door.
 14782 | Gauntlet | Found a runed translucent door.
 14782 | Gauntlet | Found a large runed translucent door.
 14783 | Gauntlet | Found a large runed translucent door.
 14784 | Gauntlet | Found a large runed translucent door.
 14785 | Gauntlet | Found a large runed translucent door.
 14805 | Gauntlet | Found a transporter.
 14875 | Gauntlet | Found a transporter.
 14875 | Gauntlet | Found a transporter.
 14923 | Gauntlet | Found a transporter.
 14931 | Gauntlet | Found a transporter.
 15054 | Gauntlet | Identified the amulet "Hudeis" {Spirit rCorr Int+2}
 15060 | Gauntlet | Acquired a manual of Dodging
 15064 | Gauntlet | Found a transporter.
 15068 | Gauntlet | Found a transporter.
 15078 | Gauntlet | Noticed a minotaur
 15082 | Gauntlet | Killed a minotaur
 15091 | Gauntlet | Identified the +1 leather armour of Tarijul {-Tele Harm
                  | rPois}
 15091 | Gauntlet | Identified the staff of earth "Xestren" {Fragile rC+ Dex+9}
 15311 | Lair:3   | Found a staircase to the Swamp.
 15371 | Lair:3   | Identified the +8 war axe "Tumiywk" {freeze, Stlth+}
 15437 | Lair:3   | Found a staircase to the Snake Pit.
 15584 | Lair:3   | Found a hide-covered altar of Uskayaw.
 16014 | Lair:4   | Reached skill level 18 in Axes
 16047 | Lair:4   | Received a gift from Trog
 16330 | Lair:4   | Reached XP level 14. HP: 129/129 MP: 13/13
 16635 | Lair:5   | Entered Level 5 of the Lair of Beasts
 17085 | Lair:5   | Reached skill level 5 in Dodging
 17182 | Lair:5   | Found a staircase to the Slime Pits.
 17341 | D:10     | Bought a scroll of acquirement for 728 gold pieces
 17341 | D:10     | Acquired 334 gold pieces
 18314 | Lair:4   | Reached skill level 19 in Axes
 18320 | Lair:4   | Reached skill level 15 in Ranged Weapons
 18381 | Lair:5   | Noticed Kirke
 18388 | Lair:5   | Killed Kirke
 18389 | Lair:5   | Reached XP level 15. HP: 125/136 MP: 14/14
 20901 | Lair:5   | Noticed an iron giant
 20913 | Lair:5   | Killed an iron giant
 21190 | Lair:5   | Reached skill level 5 in Armour
 21293 | Lair:5   | Found a corrupted altar of Lugonu.
 21293 | Lair:5   | Found a one-way gate to the infinite horrors of the Abyss.
 21405 | Lair:5   | Found a viscous altar of Jiyva.
 21716 | Lair:5   | Received a gift from Trog
 23441 | Orc:1    | Entered Level 1 of the Orcish Mines
 23455 | Orc:1    | Found Inkaocw's Assorted Antiques.
 23468 | Orc:1    | Bought 2 fizzy black potions for 43 gold pieces
 23468 | Orc:1    | Bought a blackened silver wand for 96 gold pieces
 23468 | Orc:1    | Bought a scroll of identify for 48 gold pieces
 23492 | Orc:1    | Noticed Erolcha
 23497 | Orc:1    | Killed Erolcha
 23580 | Orc:1    | Found Feolink's Weapon Emporium.
 23734 | Orc:2    | Entered Level 2 of the Orcish Mines
 23741 | Orc:2    | Noticed Rupert
 23792 | Orc:1    | Killed Rupert
 23981 | Orc:2    | Reached skill level 20 in Axes
 24117 | D:10     | Bought a scroll of acquirement for 728 gold pieces
 24117 | D:10     | Acquired 827 gold pieces
 24197 | Orc:2    | Found a staircase to the Elven Halls.
 24350 | Orc:1    | Bought a tin of tremorstones (2/2) for 960 gold pieces
 24425 | Orc:1    | Found Kovobb's Antique Armour Shop.
 24602 | Orc:1    | Received a gift from Trog
 26648 | Orc:2    | Found Xani's General Store.
 26648 | Orc:2    | Found Nucit's Antique Armour Emporium.
 26656 | Orc:2    | Found Rebbut's General Store.
 26656 | Orc:2    | Found Perudeha's Antique Weapon Shop.
 27014 | Orc:1    | Bought an opal ring for 120 gold pieces
 27441 | D:12     | Found a shimmering altar of Xom.
 28084 | D:13     | Noticed Snorg
 28088 | D:13     | Killed Snorg
 28089 | D:13     | Reached XP level 16. HP: 147/147 MP: 15/15
 28267 | D:13     | Identified the +0 leather armour "Poplass" {rPois}
 29185 | D:13     | Received a gift from Trog
 29356 | D:14     | Found a gate to the Vaults.
 29484 | D:14     | Reached skill level 10 in Dodging
 30361 | D:15     | Entered Level 15 of the Dungeon
 30387 | D:15     | Reached skill level 15 in Fighting
 31051 | D:15     | Reached skill level 21 in Axes
 32305 | D:15     | Reached skill level 1 in Throwing
 32315 | D:15     | Found a staircase to the Depths.
 32540 | D:15     | Found a hazy altar of Hepliaklqana.
 34056 | Elf:1    | Entered Level 1 of the Elven Halls
 34089 | Elf:1    | Reached skill level 1 in Stealth
 34099 | Elf:1    | HP: 4/149 [poisoned by a +3 halberd of venom]
 34100 | Elf:1    | Slain by a +3 halberd of venom

Illustrated notes

Levels and vault maps discovered:
D:1:      dpeg_arrival_refuge, layout_basic, serial_forest,
          infiniplex_forest_lined_room_3, infiniplex_forest_clump_medium,
          infiniplex_forest_clump_double, infiniplex_forest_clump_diagonal,
          infiniplex_forest_straight_1, infiniplex_forest_end_2,
          infiniplex_forest_lined_4_way, infiniplex_forest_lined_3_way,
          infiniplex_forest_split, infiniplex_forest_straight_2
D:2:      layout_loops_corners, hellmonk_ecumenical_altar_heavens_door,
          nicolae_hexahallways, grunt_ministairs_12, st_stairs_3,
          kennysheep_donut, roderic_lattice_a, uniq_terence,
          uniq_crazy_yiuf_cottage
D:3:      layout_loops_ring
D:4:      layout_basic, mainiacjoe_overflow_alcove_2
D:5:      layout_basic
D:6:      layout_cave_pods, general_overflow_altar, minmay_temple_entry_glass
D:7:      layout_basic, nicolae_gozag_cash_rules_everything_around_me,
          chequers_hall_statues_y
D:8:      nzn_winding_woodlands_medium [nzn_winding_woodlands_5x5_closed_star,
          nzn_winding_woodlands_5x15_pathside_ponds,
          nzn_winding_woodlands_5x5_checkerboard,
          nzn_winding_woodlands_hourglass, nzn_winding_woodlands_center_garden,
          nzn_winding_woodlands_5x5_perimeter, nzn_winding_woodlands_5x5_three,
          nzn_winding_woodlands_5x15_lazy_stream,
          nzn_winding_woodlands_5x5_open_star], layout_loops_ring
D:9:      layout_basic
D:10:     layout_basic, lemuel_zombie_altar_yredelemnul, dpeg_oklobed_lair,
          enter_bailey_5, nicolae_wooded_promenade,
          dreamdust_deal_with_the_devil
D:11:     layout_grid_maze, david_orc_3, portal_ice_cave_rime
D:12:     layout_loops_ring, led_xom_imps
D:13:     layout_loops_ring, minmay_misc_feat_enclosed, grunt_ministairs_4,
          uniq_snorg
D:14:     layout_long_grid, erik_vaults_2, serial_ice, serial_ice_e,
          serial_ice_g, serial_ice_k, serial_ice_o, grunt_decor_mini_mirrors
D:15:     grunt_enter_depths_hoard, layout_layer_cave,
          nicolae_hepliaklqana_hippocampus
Lair:1:   layout_roguey, minmay_hedge_maze, serial_bayou_shore_a
Lair:2:   layout_cellular_growth, infiniplex_staircase_pool,
          lemuel_fruit_fields, grunt_megastairs_2
Lair:3:   layout_hall_layers, swamp_mist, nicolae_snake_entry_warm_welcome,
          basic_altar, gauntlet_entry_generic
Lair:4:   layout_roguey, st_stairs_3, grunt_megastairs_4, lemuel_fruit_tree
Lair:5:   hellmonk_lair_end_abyssal_woods, layout_layer_cave,
          nicolae_slime_entry_field_trip, bobbens_dragon_lair_wall,
          grunt_megastairs_5, lemuel_fruit_fields, uniq_kirke
Orc:1:    layout_caves, serial_shops, nicolae_shop_bloodbath_and_beyond,
          nicolae_shop_waterfront, shop, uniq_erolcha
Orc:2:    grunt_orc_tribal_feast, layout_caves, uniq_rupert
Elf:1:    layout_onion_city, kennysheep_underground_church,
          bh_hangedman_babel_library

Skill      XL: |  1  2  3  4  5  6  7  8  9 10 11 12 13 14 15 16 |
---------------+-------------------------------------------------+-----
Axes           | 4 5 6 7 8 9 11 13 14 15 17 18 19 20 21 | 21.0
Fighting       | 4 5 6 7 8 9 10 11 12 13 14 15 | 15.1
Ranged Weapons | 3 6 9 11 12 14 15 16 17 | 17.4
Evocations     | 3 4 6 7 8 9 |  9.1
Dodging        | 4 5 9 10 | 10.8
Armour         | 3 6 8 |  8.2
Throwing       | 1 |  1.1
Stealth        | 1 |  1.0

Action                     |  1- 3 |  4- 6 |  7- 9 | 10-12 | 13-15 | 16-18 || total
---------------------------+-------+-------+-------+-------+-------+-------++-------
  Melee: Hand axe          |    58 |    17 |       |       |       |       ||    75
         Headbutt          |    14 |     9 |    24 |    42 |    63 |    32 ||   184
         Quarterstaff      |       |    35 |       |       |       |       ||    35
         War axe           |       |    39 |    93 |     7 |    28 |       ||   167
         Battleaxe         |       |       |    50 |   271 |   328 |   172 ||   821
         Punch             |       |       |     1 |       |       |       ||     1
   Fire: Shortbow          |       |       |    24 |       |       |       ||    24
         Arbalest          |       |       |    32 |   216 |   405 |   136 ||   789
  Throw: Stone             |     6 |       |       |       |       |       ||     6
         Throwing net      |       |       |     1 |       |       |       ||     1
         Javelin           |       |       |       |       |       |     3 ||     3
 Invoke: Berserk           |     3 |     3 |     4 |     7 |     7 |     2 ||    26
         Trog's Hand       |       |     2 |     3 |     5 |    15 |     5 ||    30
         Brothers in Arms  |       |       |       |       |       |     2 ||     2
  Evoke: Wand              |       |       |     5 |    11 |     4 |       ||    20
         Tin of tremorston |       |       |       |       |       |     2 ||     2
    Use: Scroll            |       |     6 |     7 |    19 |    20 |     4 ||    56
         Potion            |       |       |       |       |     3 |     4 ||     7
   Stab: Invisible         |       |       |       |       |     1 |       ||     1
 Armour: Animal skin       |     8 |       |       |       |       |       ||     8
         Ring mail         |     2 |       |       |       |       |       ||     2
         Chain mail        |     1 |    60 |   108 |   229 |       |    12 ||   410
         Plate armour      |       |       |       |    35 |   409 |   174 ||   618
  Dodge: Dodged            |    17 |    24 |    92 |   146 |   265 |    93 ||   637
  Block: Other             |    11 |    15 |    48 |    85 |    74 |    62 ||   295
         Reflection        |       |       |     2 |     9 |     6 |    14 ||    31

Table legend: (Time is in decaauts)
 A = Elapsed time spent in this place.
 B = Non-inter-level travel time spent in this place.
 C = Inter-level travel time spent in this place.
 D = Time resting spent in this place.
 E = Time spent auto-exploring this place.
 F = Levels seen in this place.
 G = Mean time per level.
                   A        B        C        D        E       F      G
               +--------+--------+--------+--------+--------+-----+--------+
         Total |  34892 |  32488 |   2404 |  12284 |  14663 |  26 | 1342.0 |
       Dungeon |  19577 |  17988 |   1589 |   4933 |  10049 |  15 | 1305.1 |
          Lair |   9289 |   8641 |    648 |   3809 |   3603 |   5 | 1857.8 |
  Orcish Mines |   3629 |   3463 |    166 |   2236 |    669 |   2 | 1814.5 |
   Elven Halls |     42 |     42 |      0 |     23 |      0 |   1 |   42.0 |
        Bailey |   1639 |   1639 |      0 |   1097 |    201 |   1 | 1639.0 |
      Ice Cave |    340 |    340 |      0 |    173 |      0 |   1 |  340.0 |
      Gauntlet |    373 |    373 |      0 |     10 |    140 |   1 |  373.0 |
               +--------+--------+--------+--------+--------+-----+--------+

Top non-repeatable levels by time:
  Lair:5: 5008 daAuts
   Orc:2: 2803 daAuts
    D:15: 2658 daAuts
    D:11: 2302 daAuts
     D:2: 1799 daAuts
     D:8: 1748 daAuts
  Bailey: 1639 daAuts
  Lair:2: 1392 daAuts
    D:13: 1367 daAuts
     D:6: 1344 daAuts
    D:10: 1228 daAuts
    D:12: 1087 daAuts
     D:7: 1056 daAuts
  Lair:3: 1034 daAuts
  Lair:4: 1032 daAuts
